 Dungeon Crawl Stone Soup version 0.18.1-48-g4cf74bf (webtiles) character file.

5674 GFox the Protected (level 10, -2/77 HPs)
             Began as a Minotaur Monk on July 8, 2016.
             Was the Champion of Cheibriados.
             Killed from afar by an electric eel (17 damage)
             ... with a bolt of electricity
             ... on level 9 of the Dungeon.
             The game lasted 01:02:32 (6563 turns).

GFox the Protected (Minotaur Monk)                  Turns: 6563, Time: 01:02:32

Health: -2/77      AC:  8    Str: 35    XL:     10   Next: 47%
Magic:  3/3        EV: 22    Int: 22    God:    Cheibriados [******]
Gold:   455        SH:  0    Dex: 30    Spells: 0 memorised, 9 levels left

rFire  + . .     SeeInvis .     y - +2 whip (antimagic)
rCold  . . .     Gourm    .     j - +0 scale mail
rNeg   . . .     Faith    .     (no shield)
rPois  .         Spirit   .     (helmet restricted)
rElec  .         Dismiss  .     (no cloak)
rCorr  .         Reflect  .     (no gloves)
SustAt .         Harm     .     (no boots)
MR     .....                    (no amulet)
Stlth  ++........               g - +3 ring of strength
                                r - ring of protection from fire

@: very slow, not resistant to hostile enchantments, unstealthy
A: retaliatory headbutt, horns 2, frail 1, regeneration 1, sturdy frame 1
a: Bend Time, Temporal Distortion, Slouch, Step From Time, Renounce Religion


You were on level 9 of the Dungeon.
You worshipped Cheibriados.
Cheibriados was exalted by your worship.
You were not hungry.

You visited 1 branch of the dungeon, and saw 9 of its levels.

You collected 455 gold pieces.

Inventory:

Hand Weapons
 y - a +2 antimagic whip (weapon)
Missiles
 c - 2 javelins (quivered)
Armour
 j - a +0 scale mail (worn)
Magical Staves
 t - an uncursed staff of death
Jewellery
 g - a +3 ring of strength (right hand)
 i - an uncursed ring of positive energy
 k - an uncursed ring of protection from cold
 n - an uncursed ring of ice
 r - a ring of protection from fire (left hand)
Wands
 l - a wand of confusion (10/48)
 p - a wand of polymorph (3/24)
 v - a wand of acid (8/15)
 x - a wand of lightning (8/15)
 B - a wand of polymorph (9/24)
Scrolls
 a - 4 scrolls of blinking
 e - 3 scrolls of fear
 f - a scroll of enchant weapon
 h - 4 scrolls of teleportation
 m - a scroll of identify
 w - a scroll of remove curse
Potions
 o - 2 potions of agility
 s - 2 potions of curing {unknown}
 u - a potion of cancellation {unknown}
 z - a potion of heal wounds {unknown}
 A - a potion of flight {unknown}
Comestibles
 b - 9 bread rations
 d - 6 meat rations


   Skills:
 + Level 7.2 Fighting
 + Level 2.6(3.0) Maces & Flails
 + Level 2.3(2.9) Staves
 + Level 1.2 Throwing
 + Level 10.3 Armour
 + Level 10.0 Dodging
 + Level 3.8 Stealth
 + Level 8.5 Unarmed Combat


You had 9 spell levels left.
You didn't know any spells.

Dungeon Overview and Level Annotations

Branches:
Dungeon (9/15)             Temple (0/1) D:7
   Lair: D:8-11         Orc: D:9-12

Altars:
Ashenzari
Cheibriados
Dithmenos
Fedhas
Kikubaaqudgha
Nemelex Xobeh
Pakellas
Qazlal
Ru
Sif Muna
Trog
Xom
Yredelemnul
Zin

Shops:
D:6 }


Innate Abilities, Weirdness & Mutations

You reflexively headbutt those who attack you in melee.
You have a pair of horns on your head.
You are frail (-10% HP).
Your natural rate of healing is unusually fast.
Your movements are slightly less encumbered by armour (ER -2).


Message History

You open the large door.
Found 4 tomahawks.
An electric eel comes into view.
There is a large open door here.
The electric eel shoots out a bolt of lightning at you!
The bolt of electricity hits you!
The electric eel shoots out a bolt of lightning at you!
The bolt of electricity hits you!
The electric eel shoots out a bolt of lightning at you!
The bolt of electricity hits you!
The electric eel shoots out a bolt of lightning at you!
The bolt of electricity hits you!
The electric eel shoots out a bolt of lightning at you!
The bolt of electricity hits you! x2
* * * LOW HITPOINT WARNING * * *
You hit the electric eel. Your headbutt misses the electric eel.
The electric eel is lightly wounded.
The electric eel shoots out a bolt of lightning at you!
The bolt of electricity hits you!
You die...

###. #≈.....######.
#### #≈.############
#...
#≈.#############
#...
#≈.....######....
#...
#≈......####.....
#...
#≈≈......##......
#...
#≈≈.....##.....≈
###' #≈≈.@..##....≈≈
#. ##≈;..(##...≈≈#
##. ##≈≈......≈≈#
#.. ##≈≈≈..≈≈≈##
##.# ####''#####
#... #.........#
#... #.........#
#... #.........###
#...
#.............###...


You could see an electric eel.

Vanquished Creatures
  Erolcha (D:8)
  Joseph (D:7)
  2 trolls (D:9)
  Prince Ribbit (D:6)
  Grinder (D:3)
  A spriggan (D:8)
  A steam dragon (D:8)
  Menkaure (D:7)
  The ghost of Wardy2 the Cutter, an amateur HEWr of Okawaru (D:4)
  Purgy (D:3)
  2 sky beasts
  3 ice beasts (D:6)
  3 black bears
  2 orc warriors (D:8)
  4 ogres
  A necrophage (D:7)
  2 centaurs (D:5)
  A crocodile (D:8)
  5 big kobolds
  2 giant frogs
  A wyvern skeleton (D:8)
  6 killer bees (D:8)
  3 howler monkeys
  A crimson imp (D:5)
  3 hounds
  2 giant frog zombies (D:7)
  An orc wizard (D:8)
  Natasha (thrice) (D:2)
  An iguana (D:5)
  Terence (D:2)
  5 worker ants
  A hound zombie (D:6)
  2 hound skeletons (D:6)
  6 gnolls
  9 adders
  3 oozes
  4 worms
  A dart slug (D:2)
  5 giant geckos
  19 orcs
  3 ball pythons
  4 giant cockroaches
  8 goblins
  8 hobgoblins
  35 kobolds
  4 quokkas
  A ball python skeleton (D:5)
  3 bats
  5 giant newts
  2 jackal skeletons
  13 rats
199 creatures vanquished.

Notes
Turn   | Place    | Note
--------------------------------------------------------------
     0 | D:1      | GFox the Minotaur Monk began the quest for the Orb.
     0 | D:1      | Reached XP level 1. HP: 19/19 MP: 0/0
   108 | D:1      | Reached XP level 2. HP: 22/27 MP: 1/1
   472 | D:1      | Reached XP level 3. HP: 25/33 MP: 2/2
   537 | D:1      | Reached skill level 5 in Unarmed Combat
   776 | D:2      | Found an oddly glowing altar of Pakellas.
   778 | D:2      | Found a sacrificial altar of Ru.
   778 | D:2      | Found a snail-covered altar of Cheibriados.
   780 | D:2      | Found a basalt altar of Yredelemnul.
   780 | D:2      | Found a shattered altar of Ashenzari.
   782 | D:2      | Found a blossoming altar of Fedhas.
   782 | D:2      | Found a sparkling altar of Nemelex Xobeh.
   785 | D:2      | Found a bloodstained altar of Trog.
  1074 | D:2      | Became a worshipper of Cheibriados the Contemplative
  1074 | D:2      | Reached * piety under Cheibriados
  1074 | D:2      | Reached ** piety under Cheibriados
  1102 | D:2      | Reached XP level 4. HP: 40/40 MP: 3/3
  1109 | D:2      | Noticed Natasha
  1117 | D:2      | Killed Natasha
  1176 | D:2      | Noticed Terence
  1181 | D:2      | Killed Terence
  1230 | D:2      | Reached skill level 1 in Armour
  1259 | D:2      | Found a snail-covered altar of Cheibriados.
  1348 | D:2      | Noticed Natasha
  1354 | D:2      | Killed Natasha
  1354 | D:2      | Reached XP level 5. HP: 40/46 MP: 4/4
  1491 | D:2      | Noticed Natasha
  1497 | D:2      | Killed Natasha
  1791 | D:3      | Noticed Grinder
  1791 | D:3      | Paralysed by Grinder for 3 turns
  1802 | D:3      | Gained mutation: You are resistant to hostile enchantments. [potion of mutation]
  1802 | D:3      | Gained mutation: You tend to lose your temper in combat. [potion of mutation]
  1803 | D:3      | Lost mutation: You tend to lose your temper in combat. [potion of cure mutation]
  1803 | D:3      | Lost mutation: You are resistant to hostile enchantments. [potion of cure mutation]
  1803 | D:3      | Killed Grinder
  1803 | D:3      | Reached skill level 5 in Dodging
  1803 | D:3      | Reached XP level 6. HP: 5/53 MP: 5/5
  2152 | D:3      | Reached *** piety under Cheibriados
  2412 | D:3      | Noticed Purgy
  2424 | D:3      | Killed Purgy
  2424 | D:3      | Reached skill level 5 in Fighting
  2425 | D:3      | Reached XP level 7. HP: 18/61 MP: 6/6
  2723 | D:3      | Found a stormy altar of Qazlal.
  2849 | D:3      | Found a glowing silver altar of Zin.
  3195 | D:4      | Noticed Wardy2's ghost (amateur HEWr)
  3203 | D:4      | Killed Wardy2's ghost
  3339 | D:4      | Found a deep blue altar of Sif Muna.
  3339 | D:4      | Found a shimmering altar of Xom.
  3415 | D:4      | Gained mutation: Your natural rate of healing is unusually fast. [potion of mutation]
  3415 | D:4      | Gained mutation: Your movements are slightly less encumbered by armour (ER -2). [potion of mutation]
  3415 | D:4      | Gained mutation: You are frail (-10% HP). [potion of mutation]
  3664 | D:5      | Entered Level 5 of the Dungeon
  3687 | D:5      | Reached **** piety under Cheibriados
  3720 | D:5      | Got a jewelled long sword
  3735 | D:5      | Identified the cursed +3 long sword of Kyetse Atto {drain, rC+} (You found it on level 5 of the Dungeon)
  3845 | D:5      | Reached skill level 5 in Armour
  3995 | D:5      | Reached XP level 8. HP: 57/62 MP: 7/7
  4455 | D:6      | Found an oddly glowing altar of Pakellas.
  4455 | D:6      | Found Pakellas's Prime Provisions.
  4623 | D:6      | Noticed Prince Ribbit
  4628 | D:6      | Killed Prince Ribbit
  5009 | D:7      | Found a staircase to the Ecumenical Temple.
  5045 | D:7      | Reached ***** piety under Cheibriados
  5061 | D:7      | Found an ancient bone altar of Kikubaaqudgha.
  5136 | D:7      | Noticed Menkaure
  5144 | D:7      | Killed Menkaure
  5342 | D:7      | Reached XP level 9. HP: 63/67 MP: 8/8
  5518 | D:7      | Noticed Joseph
  5529 | D:7      | Killed Joseph
  5577 | D:7      | Reached skill level 1 in Staves
  5731 | D:8      | Noticed Erolcha
  5739 | D:8      | Killed Erolcha
  5739 | D:8      | Reached skill level 1 in Throwing
  5818 | D:8      | Got a brightly glowing dagger
  5819 | D:8      | Identified the cursed +1 dagger of Hahica {pain, Int+2 Stlth+} (You found it on level 8 of the Dungeon)
  5828 | D:8      | Reached XP level 10. HP: 75/75 MP: 3/9
  5846 | D:8      | Reached skill level 1 in Maces & Flails
  5852 | D:8      | Found a shadowy altar of Dithmenos.
  6002 | D:8      | Reached skill level 10 in Armour
  6015 | D:8      | Reached ****** piety under Cheibriados
  6548 | D:9      | Reached skill level 10 in Dodging
  6563 | D:9      | Killed from afar by an electric eel

Skill      XL: |  1  2  3  4  5  6  7  8  9 10 |
---------------+-------------------------------+-----
Unarmed Combat | 5 6 7 8 |  8.5
Dodging        | 4 5 6 7 9 10 | 10.0
Fighting       | 4 5 6 7 |  7.2
Armour         | 1 2 3 5 7 9 10 | 10.3
Stealth        | 2 3 |  3.8
Staves         | 1 2 |  2.3
Throwing       | 1 |  1.2
Maces & Flails | 2 |  2.6

Action                   |  1- 3 |  4- 6 |  7- 9 | 10-12 || total
-------------------------+-------+-------+-------+-------++-------
Melee: Unarmed           |    72 |    68 |    88 |       ||   228
       Headbutt          |    10 |    14 |    74 |    27 ||   125
       Punch             |     2 |     1 |    18 |     6 ||    27
       Staff             |       |       |    68 |       ||    68
       Whip              |       |       |    28 |    76 ||   104
Throw: Javelin           |       |       |     2 |       ||     2
  Use: Potion            |       |     2 |     6 |       ||     8
       Scroll            |       |       |    14 |       ||    14
 Stab: Sleeping          |       |       |     1 |     2 ||     3
  Eat: Chunk             |     1 |       |     1 |     2 ||     4
       Meat ration       |       |     1 |       |       ||     1
       Fruit             |       |       |     1 |       ||     1
Armor: Ring mail         |    16 |     1 |       |       ||    17
       Scale mail        |       |    25 |    61 |    14 ||   100
       Skin              |       |       |    27 |       ||    27
Dodge: Dodged            |    38 |    65 |   222 |    95 ||   420
